 Dungeon Crawl Stone Soup version 0.28.0-49-g6dfe1f597d (webtiles) character file.

Game seed: 8147342149186797213

322 101zpm the Magician (level 6, -2/41 HPs)
             Began as a Djinni Fire Elementalist on May 18, 2022.
             Slain by a bullfrog (6 damage)
             ... on level 4 of the Dungeon.
             The game lasted 00:08:03 (3039 turns).

101zpm the Magician (Djinni Fire Elementalist)      Turns: 3039, Time: 00:08:04

Health: -2/41      AC:  2    Str:  7    XL:     6   Next: 76%
Gold:   77         EV: 12    Int: 19    God:
                   SH:  0    Dex: 13

rFire   + + .      SeeInvis .   (no weapon)
rCold   x . .      Faith    .   (no shield)
rNeg    . . .      Spirit   .   h - +0 robe {Will+}
rPois   ∞          Reflect  .   (no helmet)
rElec   .          Harm     .   (no cloak)
rCorr   .          Rampage  .   (no gloves)
Will    +....                   (boots unavailable)
Stlth   ++........              (no amulet)
HPRegen 0.13/turn               (no ring)
MPRegen 0.00/turn               (no ring)

@: flying
A: sickness immunity, fire resistance 2, cold vulnerability 1, float, innate
caster, HP casting, extra vitality 1
a: no special abilities


You were on level 4 of the Dungeon.
You visited 1 branch of the dungeon, and saw 4 of its levels.

You collected 77 gold pieces.

Inventory:

Armour
 a - a +0 robe
 h - a +0 robe of willpower (worn)
Scrolls
 b - a scroll of blinking {unknown}
 c - a scroll of noise {unknown}
 d - a scroll of fog {unknown}
 e - a scroll of brand weapon {unknown}
 f - a scroll of magic mapping {unknown}
Potions
 g - a potion of curing {unknown}


   Skills:
 + Level 0.3 Fighting
 + Level 2.6 Dodging
 + Level 2.6 Stealth
 + Level 4.9 Spellcasting


You couldn't memorise any spells.
You knew the following spells:

 Your Spells              Type           Power      Damage    Failure   Level
a - Foxfire               Conj/Fire      92%        2x1d8     1%          1
b - Scorch                Fire           46%        2d7       2%          2
c - Conjure Flame         Conj/Fire      23%        6-21      4%          3
d - Inner Flame           Hex/Fire       23%        N/A       4%          3
e - Flame Wave            Conj/Fire      23%        2d7       16%         4
f - Sting                 Tmut/Pois      92%        1d7       1%          1
g - Ensorcelled Hibernat  Hex/Ice        46%        N/A       2%          2
Your spell library was empty.

Dungeon Overview and Level Annotations

Branches:
Dungeon (4/15)             Temple (0/1) D:4

Altars:
Kikubaaqudgha

Shops:
D:3 **[

Annotations:
D:4 Edmund


Innate Abilities, Weirdness & Mutations

You are immune to sickness and miasma.
You are immune to poison.
Your flesh is very heat resistant. (rF++)
You are vulnerable to cold. (rC-)
You float through the air rather than walking.
You learn spells naturally, not from books.
Your magical power is your life essence.
You have superior vitality. (+4 MHP)


Message History

The jelly is filled with an inner flame.
The jelly is engulfed in blazing flames.
The jelly explodes!
You hear a croak.
(D) Dungeon (T) Temple
Where to? (Enter - Temple, ? - help)
Your magical contamination has completely faded away.
A goblin comes into view. It is wielding a +0 dagger.
The goblin shouts!
Edmund the Younger comes into view.
He is wielding a +5 vorpal dire flail.
A bullfrog comes into view.
Casting: Inner Flame (dangerous; 4% risk of failure)
Confirm with . or Enter, or press ? or * to list all spells.
Aiming: Inner Flame (dangerous; 4% risk of failure)
Press: ? - help, Dir - move target, f - goblin
Aim: a goblin, wielding a +0 dagger (chance to affect: 89%)
The goblin is filled with an inner flame.
Casting: Inner Flame (dangerous; 4% risk of failure)
Confirm with . or Enter, or press ? or * to list all spells.
Aiming: Inner Flame (dangerous; 4% risk of failure)
Press: ? - help, Dir - move target, f - bullfrog, p - goblin
Aim: a bullfrog (chance to affect: 78%)
The bullfrog barely resists.
* * * LOW HITPOINT WARNING * * *
Casting: Inner Flame (dangerous; 4% risk of failure)
Confirm with . or Enter, or press ? or * to list all spells.
Flames lash the bullfrog.
The bullfrog is heavily wounded.
The bullfrog's fire resistance burns away.
* * * LOW HITPOINT WARNING * * *
Casting: Scorch (safe; 2% risk of failure)
Confirm with . or Enter, or press ? or * to list all spells.
Flames lash the goblin.
* * * LOW HITPOINT WARNING * * *
The goblin explodes!
You hear a shout!
The bullfrog hits you.
* * * LOW HITPOINT WARNING * * *
The bullfrog hits you.
You die...

........####.#
####.........#
#.##.######
#.##.#########
#.............
#.###.....### #
#≈≈≈≈≈☼○§≈#
####.#≈#.....#≈#
.......≈@○.☼§§.≈.
####...≈F☼°○...≈..
#...≈..§>§..≈..
#...≈.@§§§..≈..
##..≈..§§§..≈..
#.#≈#.....#≈
#.#≈≈≈≈≈≈≈≈≈ #.##
.....##


You could see Edmund and a bullfrog (combustible).

Vanquished Creatures
  Eustachio (D:4)
  A jelly (D:4)
  An orc priest (D:4)
  2 orc wizards (D:4)
  4 adders
  2 orcs (D:4)
  2 bats
  5 endoplasms
  5 giant cockroaches
  2 goblins
  3 hobgoblins
  2 jackals (D:4)
  4 ball pythons
  3 frilled lizards (D:1)
  6 kobolds
  2 rats
45 creatures vanquished.

Vanquished Creatures (others)
  140 foxfires
  4 withered plants (D:3)
144 creatures vanquished.

Grand Total: 189 creatures vanquished

Notes
Turn   | Place    | Note
-------+----------+-------------------------------------------
     0 | D:1      | 101zpm the Djinni Fire Elementalist began the quest for the
                  | Orb.
     0 | D:1      | Reached XP level 1. HP: 15/15 MP: 0/0
   412 | D:2      | Reached XP level 2. HP: 14/21 MP: 0/0
   723 | D:2      | Reached XP level 3. HP: 20/25 MP: 0/0
   723 | D:2      | Learned a level 1 spell: Sting
   844 | D:1      | Reached skill level 3 in Spellcasting
  1539 | D:3      | Found Taechev's Armour Shoppe.
  1678 | D:4      | Noticed Eustachio
  1686 | D:4      | Killed Eustachio
  1687 | D:4      | Reached skill level 4 in Spellcasting
  1687 | D:4      | Reached XP level 4. HP: 3/31 MP: 0/0
  1687 | D:4      | Reached XP level 5. HP: 4/35 MP: 0/0
  1687 | D:4      | Learned a level 2 spell: Ensorcelled Hibernation
  2135 | D:4      | Reached XP level 6. HP: 16/40 MP: 0/0
  2797 | D:3      | Found Kooffy's General Store.
  2808 | D:4      | Noticed a necrophage
  2819 | D:3      | Found One Suu's Assorted Antiques.
  3018 | D:4      | Found a staircase to the Ecumenical Temple.
  3035 | D:4      | Noticed Edmund
  3039 | D:4      | Slain by a bullfrog

Illustrated notes

Levels and vault maps discovered:
D:1:      dpeg_arrival_central, layout_rooms, ebering_ecumenical_altar_hall,
          st_stairs_14, minmay_distorted
D:2:      layout_rooms, amcnicky_mini_rare_corridor_liquid
D:3:      layout_loops_corners, kiku_gazebo_garden_becter, serial_shops,
          nicolae_square_shop, nicolae_shop_hallway_stairs, nicolae_shop_trees,
          shop, dk_noncrumbling_3, minivault_4, st_stairs_7
D:4:      layout_loops_corners, minmay_temple_entry_water_ring, uniq_eustachio,
          uniq_edmund

Skill      XL: |  1  2  3 |
---------------+----------+-----
Stealth        | 2 |  2.6
Spellcasting   | 4 |  4.9
Fighting       | |  0.3
Dodging        | |  2.6

Action                   |  1- 3 |  4- 6 || total
-------------------------+-------+-------++-------
 Cast: Foxfire           |    55 |    32 ||    87
       Scorch            |     8 |    19 ||    27
       Inner Flame       |     1 |    14 ||    15
Dodge: Dodged            |     3 |     2 ||     5
